[Event "Team 45 45 League T56"]
[Site "Internet Chess Club"]
[Date "2013.03.16"]
[Round "4"]
[White "misuc56"]
[Black "FlyingTiger"]
[Result "1-0"]
[WhiteElo "1809"]
[BlackElo "1750"]
[Opening "Grünfeld defense"]
[ECO "D80"]
[Time "18:00:42"]
[TimeControl "2700+45"]

1. d4 Nf6 2. c4 g6 3. Nc3 d5 4. e3 Bg7 5. h3 O-O 6. Nf3 c5 7. cxd5 Nxd5 8. Be2
Nc6 9. O-O Nxc3 10. bxc3 Qc7 11. Bd2 Rd8 12. Qa4 a6 13. Rac1 Bf5 14. g4 Be6 15.
e4 Bd7 16. Qa3 b6 17. Be3 cxd4 18. cxd4 Qb7 19. d5 Ne5 20. Nxe5 Bxe5 21. f4 Bg7
22. Bf3 Bb5 23. Rfd1 Rac8 24. Qb3 Rxc1 25. Rxc1 Rc8 26. Rxc8+ Qxc8 27. a4 Bd7
28. Bxb6 Qb8 29. a5 Qxf4 30. Qe3 Qxe3+ 31. Bxe3 Bb5 32. Kf2 Kf8 33. Bb6 Ke8 34.
g5 Kd7 35. Ke3 Kd6 36. Bd4 Bxd4+ 37. Kxd4 f6 38. h4 fxg5 39. e5+ Kc7 40. hxg5
Kd7 41. Bg4+ Ke8 42. Kc5 Bd3 43. d6 exd6+ 44. exd6 Bf5 45. Be2 Bc8 46. Kc6 h5
47. gxh6 g5 48. h7 {Black resigns} 1-0

[Event "Team 45 45 League T56"]
[Site "Internet Chess Club"]
[Date "2013.03.16"]
[Round "4"]
[White "krysto"]
[Black "WOLFSPELZ"]
[Result "0-1"]
[WhiteElo "1587"]
[BlackElo "1570"]
[Opening "QGD Slav: 4.e3 Bf5"]
[ECO "D12"]
[Time "11:33:51"]
[TimeControl "2700+45"]

1. d4 d5 2. c4 c6 3. e3 Nf6 4. Nf3 Bf5 5. Nc3 e6 6. Be2 h6 7. O-O Bd6 8. cxd5
exd5 9. Qb3 Qb6 10. Qxb6 axb6 11. Bd2 Nbd7 12. Rfc1 O-O 13. Ne1 Ra7 14. f3 Rfa8
15. a3 b5 16. Na2 Nb6 17. Bd3 Bxd3 18. Nxd3 Nc4 19. Rc2 Nxd2 20. Rxd2 Nd7 21.
Rc1 Nb6 22. Kf2 Nc4 23. Rdc2 f6 24. h3 b6 25. Nc3 g5 26. g4 Re8 27. e4 Rae7 28.
Re2 Kf7 29. Rce1 dxe4 30. fxe4 Na5 31. d5 cxd5 32. Nxb5 Nb7 33. Nxd6+ Nxd6 34.
exd5 Ne4+ 35. Kf3 Nd6 36. Rxe7+ Rxe7 37. Rxe7+ Kxe7 38. b3 Nb5 39. a4 Nd4+ 40.
Ke4 Nxb3 41. Nb4 Nc5+ 42. Kf5 Nxa4 43. Kg6 Nc5 44. Kxh6 Ne4 45. Kg6 Kd6 46. Kf5
Nf2 47. Kxf6 Nxh3 48. Kf5 Kc5 49. Na6+ Kxd5 50. Nc7+ Kd6 51. Nb5+ Kc5 52. Nc3 b5
53. Ke5 b4 54. Nd1 Kc4 55. Ke4 Kb3 56. Kd3 Nf4+ 57. Kd2 Nd5 58. Nf2 Kb2 59. Nd3+
Kb1 60. Nxb4 Nxb4 61. Ke3 Nd5+ 62. Ke4 Nf4 63. Ke3 Kc2 64. Ke4 Kd2 65. Kf3 Kd3
66. Kf2 Ke4 67. Kg3 Ng6 68. Kf2 Kf4 {White resigns} 0-1

[Event "Team 45 45 League T56"]
[Site "Internet Chess Club"]
[Date "2013.03.17"]
[Round "4"]
[White "PaulaR"]
[Black "rahulr"]
[Result "0-1"]
[WhiteElo "1624"]
[BlackElo "1564"]
[Opening "Alekhine's defense: Scandinavian variation"]
[ECO "B02"]
[Time "12:07:29"]
[TimeControl "2700+45"]

1. e4 Nf6 2. Nc3 d5 3. d3 dxe4 4. dxe4 Qxd1+ 5. Nxd1 Nxe4 6. Bd3 Nc5 7. Be2 Bf5
8. Be3 e5 9. Nc3 Nc6 10. Rc1 O-O-O 11. Nf3 f6 12. O-O Nd4 13. Bxd4 exd4 14. Nb5
Ne6 15. Nxa7+ Kb8 16. Nb5 c6 17. Na3 Nf4 18. Rfe1 Nxe2+ 19. Rxe2 Bc5 20. Nh4 Bg4
21. Re4 Bh5 22. Nf5 g6 23. Ng7 f5 24. Ree1 Bxa3 25. bxa3 Rd5 26. Re7 f4 27. c4
dxc3 28. Rxc3 Rd1+ 29. Re1 Rxe1# {White checkmated} 0-1

[Event "Team 45 45 League T56"]
[Site "Internet Chess Club"]
[Date "2013.03.16"]
[Round "4"]
[White "SlimeDog2"]
[Black "kyoroogi"]
[Result "0-1"]
[WhiteElo "2097"]
[BlackElo "2046"]
[Opening "Benkö gambit accepted"]
[ECO "A58"]
[Time "14:12:57"]
[TimeControl "2700+45"]

1. d4 Nf6 2. c4 c5 3. d5 b5 4. cxb5 a6 5. bxa6 g6 6. Nc3 Bxa6 7. g3 d6 8. Bg2
Bg7 9. Nf3 Nbd7 10. Rb1 O-O 11. b3 Qa5 12. Bd2 Rfb8 13. O-O Ne8 14. Qc2 Qa3 15.
Rfc1 Nc7 16. e4 Nb5 17. Na4 Nd4 18. Nxd4 Bxd4 19. Bc3 Bxc3 20. Nxc3 Ne5 21. f4
Bd3 22. Qd1 Bxb1 23. Nxb1 Qxa2 24. fxe5 Qxb3 25. Qxb3 Rxb3 26. exd6 exd6 27. Nd2
Rba3 28. Nc4 R3a6 29. Kf2 Kf8 30. Ke3 Rb8 31. e5 dxe5 32. Nxe5 Re8 33. Kf4 Rf6+
34. Kg4 Rxe5 35. Rxc5 Re2 {White resigns} 0-1

[Event "Team 45 45 League T56"]
[Site "Internet Chess Club"]
[Date "2013.03.23"]
[Round "4"]
[White "alexping"]
[Black "sonoftill"]
[Result "0-1"]
[WhiteElo "1910"]
[BlackElo "2079"]
[Opening "Queen's pawn: Keres defense"]
[ECO "A40"]
[Time "11:33:58"]
[TimeControl "2700+45"]

1. d4 e6 2. c4 b6 3. e4 Bb7 4. d5 Bb4+ 5. Bd2 Bxd2+ 6. Qxd2 Ne7 7. Nc3 O-O 8.
O-O-O a5 9. Na4 Na6 10. Ne2 exd5 11. exd5 d6 12. f4 Qd7 13. Nac3 Nc5 14. Nd4 Nf5
15. g3 Nxd4 16. Qxd4 Rae8 17. Bg2 Qf5 18. Bf3 Ne6 19. Qd2 Nc5 20. g4 Nd3+ 21.
Qxd3 Qxf4+ 22. Qd2 Qxf3 23. Rdf1 Qe3 24. Re1 Qxd2+ 25. Kxd2 c6 26. Ne4 Rd8 27.
Nc3 Rfe8 28. Rxe8+ Rxe8 29. dxc6 Bxc6 30. Rf1 Kf8 31. Rf4 Re5 32. b3 Ke7 33. Ne2
d5 34. Nd4 Bd7 35. h3 dxc4 36. bxc4 Rc5 37. Re4+ Kd6 38. Nb3 Re5 39. Rd4+ Kc7
40. Nc1 Bc6 41. Rf4 f6 42. Nd3 Re4 43. Rxe4 Bxe4 44. Nf4 g5 45. Ke3 Bb1 46. Nd5+
Kc6 47. Kd4 Bxa2 48. Nxf6 Bb1 49. Kc3 Kd6 50. Nd5 b5 51. Kd4 bxc4 52. Nc3 Bd3
53. Nd1 a4 54. Nc3 Bf1 55. Ne4+ Ke7 56. Nxg5 a3 57. Kc3 Bd3 58. Nf3 a2 59. Kb2
Bb1 60. Ng1 c3+ 61. Ka1 c2 62. Ne2 Kf6 63. h4 Ke5 64. Kb2 Ke4 65. g5 Kf3 66. h5
Kxe2 67. g6 a1=Q+ {White resigns} 0-1

[Event "Team 45 45 League T56"]
[Site "Internet Chess Club"]
[Date "2013.03.14"]
[Round "4"]
[White "bgolev"]
[Black "bobhill"]
[Result "1-0"]
[WhiteElo "1824"]
[BlackElo "1871"]
[Opening "QGD: Charousek (Petrosian) variation"]
[ECO "D31"]
[Time "23:00:44"]
[TimeControl "2700+45"]

1. d4 d5 2. c4 e6 3. Nc3 Be7 4. Nf3 h6 5. e3 Nf6 6. b3 O-O 7. Bd3 b6 8. O-O Bb7
9. Re1 Nbd7 10. Bb2 Rc8 11. e4 dxe4 12. Nxe4 Bxe4 13. Bxe4 Nxe4 14. Rxe4 Nf6 15.
Re2 Re8 16. Qe1 a5 17. a3 c6 18. Rd1 Qc7 19. h3 Nh5 20. Re4 b5 21. d5 cxd5 22.
cxd5 exd5 23. Re5 Nf6 24. Nd4 Ne4 25. Nxb5 Qb6 26. Rdxd5 Qxf2+ 27. Qxf2 Nxf2 28.
Bc3 Bh4 29. Rxe8+ Rxe8 30. Bxa5 Re3 31. Nd4 Rd3 32. Kf1 Ne4 33. Ke2 Rg3 34. Nf5
Rxg2+ 35. Kf3 Rf2+ 36. Kxe4 Bg5 37. h4 Rf4+ 38. Ke5 f6+ 39. Ke6 Re4+ 40. Kd7 Bc1
41. a4 g6 42. Ne7+ Kf7 43. Nc6 Rxh4 44. Nd8+ Kg7 45. Bb6 Re4 46. Bc5 h5 47. Ne6+
Kf7 48. Nd8+ Kg7 49. a5 Be3 50. a6 Bxc5 51. Rxc5 Rd4+ 52. Ke7 Rd1 53. Ne6+ Kh6
54. Rc8 g5 55. a7 Ra1 56. a8=Q Rxa8 57. Rxa8 f5 58. Kf6 Kh7 59. Nxg5+ {Black
resigns} 1-0

[Event "Team 45 45 League T56"]
[Site "Internet Chess Club"]
[Date "2013.03.15"]
[Round "4"]
[White "rubo"]
[Black "Portola"]
[Result "1-0"]
[WhiteElo "1732"]
[BlackElo "1871"]
[Opening "French: advance, Milner-Barry gambit"]
[ECO "C02"]
[Time "19:00:54"]
[TimeControl "2700+45"]

1. e4 e6 2. d4 d5 3. e5 c5 4. c3 Nc6 5. Nf3 Qb6 6. Bd3 Bd7 7. O-O Be7 8. dxc5
Bxc5 9. b4 Be7 10. a3 f6 11. Bf4 f5 12. Nbd2 g6 13. Nb3 Bf8 14. Re1 h5 15. Be3
Qc7 16. Rc1 Bh6 17. c4 Bxe3 18. Rxe3 dxc4 19. Bxc4 Qd8 20. Rd3 Qe7 21. Nc5 Bc8
22. Rd6 Nd8 23. Qd2 b6 24. Bb5+ Kf7 25. Ng5+ Kg7 26. Nd7 Bb7 27. Rc7 Bd5 28. Nf6
Qxc7 29. Ne8+ {Black resigns} 1-0

[Event "Team 45 45 League T56"]
[Site "Internet Chess Club"]
[Date "2013.03.20"]
[Round "4"]
[White "xwang1"]
[Black "HardWork"]
[Result "1-0"]
[WhiteElo "2061"]
[BlackElo "2040"]
[Opening "Ruy Lopez: closed, Breyer, Borisenko variation"]
[ECO "C95"]
[Time "19:17:31"]
[TimeControl "2700+45"]

1. e4 e5 2. Nf3 Nc6 3. Bb5 a6 4. Ba4 Nf6 5. O-O Be7 6. Re1 b5 7. Bb3 d6 8. c3
O-O 9. h3 Nb8 10. d4 Nbd7 11. Nbd2 Bb7 12. Bc2 Re8 13. a4 c6 14. Bd3 Qc7 15. Nf1
Bf8 16. Ng3 g6 17. b3 Bg7 18. Bb2 Qb6 19. Qe2 Rab8 20. Ba3 Qc7 21. Rad1 Nb6 22.
Bc2 Rbd8 23. dxe5 dxe5 24. Bc5 Nbd7 25. Bd6 Qa5 26. b4 Qb6 27. a5 Qa7 28. Bb3 c5
29. c4 Bc6 30. Ng5 Nf8 31. Bxc5 Qb7 32. cxb5 Bxb5 33. Qa2 Rxd1 34. Bxf7+ Kh8 35.
Rxd1 Rc8 36. Bb3 h6 37. Nf7+ Kh7 38. Nd6 Qc6 39. Nxc8 Qxc8 40. Qd2 N8d7 {Black
resigns} 1-0

[Event "Team 45 45 League T56"]
[Site "Internet Chess Club"]
[Date "2013.03.20"]
[Round "4"]
[White "Chess-Dream"]
[Black "cesaralexander"]
[Result "1/2-1/2"]
[WhiteElo "2174"]
[BlackElo "1987"]
[Opening "QGA: classical variation, 6.O-O"]
[ECO "D26"]
[Time "22:04:03"]
[TimeControl "2700+45"]

1. d4 d5 2. c4 dxc4 3. e3 e6 4. Bxc4 Nf6 5. Nf3 c5 6. O-O Nc6 7. dxc5 Qxd1 8.
Rxd1 Bxc5 9. b3 O-O 10. Bb2 a6 11. Nbd2 b5 12. Bd3 Bb7 13. Rac1 Be7 14. Ne4 Nb4
15. Nxf6+ Bxf6 16. Bxf6 gxf6 17. Bb1 Rfd8 18. Kf1 Rac8 19. Rxd8+ Rxd8 20. a3 Nd5
21. Ke2 h6 22. Bd3 b4 23. axb4 Nxb4 24. Bc4 Kg7 25. Nd4 f5 26. Bxe6 Kf6 27. Bxf7
Bxg2 28. Bc4 f4 29. Ra1 fxe3 30. fxe3 Ke5 31. Ra4 Rb8 32. Ra5+ Ke4 33. Be6 Bf1+
34. Kd2 Bb5 35. Ra1 Rf8 36. Nxb5 axb5 37. Bg4 Rf2+ 38. Be2 Rxh2 39. Ra5 Nd5 40.
Ra8 Nc3 41. Re8+ Kd5 42. Kxc3 Rxe2 43. Kb4 h5 44. Kxb5 h4 45. Rh8 Rxe3 46. Rxh4
{Game drawn by mutual agreement} 1/2-1/2

[Event "Team 45 45 League T56"]
[Site "Internet Chess Club"]
[Date "2013.03.17"]
[Round "4"]
[White "CaoCao"]
[Black "PhoebeXYZ"]
[Result "0-1"]
[WhiteElo "1862"]
[BlackElo "2085"]
[Opening "French: Winawer, advance, 6...Ne7"]
[ECO "C18"]
[Time "04:28:56"]
[TimeControl "2700+45"]

1. e4 e6 2. d4 d5 3. Nc3 Bb4 4. e5 c5 5. a3 Bxc3+ 6. bxc3 Ne7 7. h4 Nbc6 8. h5
Qa5 9. Bd2 Bd7 10. h6 gxh6 11. Rxh6 Qc7 12. Qh5 cxd4 13. f4 dxc3 14. Bc1 Ng6 15.
Bd3 O-O-O 16. Rxh7 Qb6 17. Nf3 Nd4 18. Bxg6 fxg6 19. Qxg6 Nxf3+ {White resigns}
0-1

[Event "Team 45 45 League T56"]
[Site "Internet Chess Club"]
[Date "2013.03.20"]
[Round "4"]
[White "Innes"]
[Black "QuieroAprender"]
[Result "1-0"]
[WhiteElo "1650"]
[BlackElo "1639"]
[Opening "Giuoco Piano"]
[ECO "C54"]
[Time "18:00:11"]
[TimeControl "2700+45"]

1. e4 e5 2. Nf3 Nc6 3. Bc4 Bc5 4. c3 Nf6 5. d4 exd4 6. e5 Ne4 7. cxd4 Bb4+ 8.
Bd2 Bxd2+ 9. Nbxd2 Nxd2 10. Qxd2 O-O 11. O-O-O d5 12. Bd3 h6 13. Rdg1 Bg4 14. h3
Bh5 15. g4 Bg6 16. h4 Be4 17. Rh3 Bxf3 18. Rxf3 Nxd4 19. Rf6 gxf6 20. Qxh6 Re8
21. Bh7+ Kh8 22. Bg6+ Kg8 23. Qh7+ Kf8 24. Qxf7# {Black checkmated} 1-0

[Event "Team 45 45 League T56"]
[Site "Internet Chess Club"]
[Date "2013.03.16"]
[Round "4"]
[White "badmove"]
[Black "RD1974"]
[Result "1-0"]
[WhiteElo "1635"]
[BlackElo "1633"]
[Opening "Scandinavian: Pytel-Wade variation"]
[ECO "B01"]
[Time "18:07:21"]
[TimeControl "2700+45"]

1. e4 d5 2. exd5 Qxd5 3. Nc3 Qd6 4. g3 Bg4 5. Qxg4 Nf6 6. Qc8+ Qd8 7. Qxd8+ Kxd8
8. Bg2 c6 9. d3 Na6 10. a3 e5 11. Bg5 Be7 12. Nge2 Nc7 13. Ne4 h6 14. Bxf6 gxf6
15. f4 Nd5 16. Kd2 Rg8 17. Bh3 Kc7 18. Rad1 Rad8 19. N2c3 Nb6 20. Kc1 Rd4 21.
Rhf1 Rg7 22. Rf3 Nd5 23. Nxd5+ Rxd5 24. Rdf1 exf4 25. Rxf4 Rh5 26. Rh4 Rxh4 27.
gxh4 f5 28. Bxf5 Bxh4 29. h3 Be7 30. Rf3 b5 31. Rg3 Bg5+ 32. Nxg5 hxg5 33. h4 f6
34. hxg5 fxg5 35. Kd2 Kd6 36. b4 c5 37. bxc5+ Kxc5 38. Kc3 a5 39. Rg4 Kd5 40.
Be4+ Kc5 41. d4+ Kd6 42. Kd3 Rg8 43. c4 bxc4+ 44. Kxc4 Rg7 45. Kb5 Ra7 46. Rxg5
Re7 47. Rd5+ Kc7 48. Re5 Rd7 49. Rc5+ Kb8 50. d5 Rb7+ 51. Kc6 a4 52. d6 Rf7 53.
Rb5+ Ka7 54. d7 Rf6+ 55. Kc7 Rb6 56. Ra5+ Ra6 57. Rxa6+ Kxa6 58. d8=Q Kb5 59.
Bd3+ {Black resigns} 1-0

[Event "Team 45 45 League T56"]
[Site "Internet Chess Club"]
[Date "2013.03.18"]
[Round "4"]
[White "speederz"]
[Black "houseofcook"]
[Result "0-1"]
[WhiteElo "1436"]
[BlackElo "1477"]
[Opening "French defense"]
[ECO "C00"]
[Time "14:03:16"]
[TimeControl "2700+45"]

1. e4 e6 2. f3 d5 3. Bb5+ Bd7 4. Nc3 Bxb5 5. Nxb5 a6 6. Nd4 c5 7. Nb3 Nc6 8. Qe2
d4 9. c3 Be7 10. Nh3 Nf6 11. O-O O-O 12. a4 Qb6 13. Ra3 c4 14. Qxc4 Bxa3 15.
bxa3 dxc3+ 16. Rf2 cxd2 17. Bxd2 Rac8 18. a5 Qd8 19. Ng5 Ne5 20. Qe2 Qd3 21. Nc1
Qxe2 22. Nxe2 Rfd8 23. Nf4 Rc2 24. h3 Rcxd2 25. Rxd2 Rxd2 26. Kf1 h6 27. Ke1 Nc4
28. Nxf7 Kxf7 29. e5 Nd7 30. g4 Ndxe5 {White resigns} 0-1

[Event "Team 45 45 League T56"]
[Site "Internet Chess Club"]
[Date "2013.03.16"]
[Round "4"]
[White "MateIn42"]
[Black "BotanicalKnight"]
[Result "0-1"]
[WhiteElo "1336"]
[BlackElo "1447"]
[Opening "Caro-Kann: Steinitz variation"]
[ECO "B17"]
[Time "12:07:27"]
[TimeControl "2700+45"]

1. e4 c6 2. d4 d5 3. Nc3 dxe4 4. Nxe4 Nd7 5. Nf3 Ngf6 6. Bd3 Nxe4 7. Bxe4 Nf6 8.
Bd3 Bg4 9. Be2 e6 10. O-O Be7 11. c4 O-O 12. b3 Qc7 13. Bb2 Rfd8 14. Qc2 c5 15.
Rad1 cxd4 16. Bxd4 Rac8 17. h3 Bf5 18. Bd3 Bxd3 19. Rxd3 b5 20. Rc1 Ba3 21. Bb2
Rxd3 22. Bxa3 bxc4 23. bxc4 Rxa3 {White resigns} 0-1

[Event "Team 45 45 League T56"]
[Site "Internet Chess Club"]
[Date "2013.03.18"]
[Round "4"]
[White "kingsrook"]
[Black "Visin"]
[Result "0-1"]
[WhiteElo "1299"]
[BlackElo "1302"]
[Opening "Queen's pawn game, Chigorin variation"]
[ECO "D02"]
[Time "13:00:20"]
[TimeControl "2700+45"]

1. d4 d5 2. Nf3 Nc6 3. Bf4 Nf6 4. h3 e6 5. e3 Be7 6. c3 Bd7 7. Bd3 h6 8. Nbd2
Bd6 9. Ne5 O-O 10. O-O Bxe5 11. dxe5 Nh7 12. Qg4 f5 13. Qe2 a6 14. Rac1 Ng5 15.
Rfd1 Nf7 16. Nf3 b5 17. b4 Be8 18. a3 Nh8 19. c4 bxc4 20. Bxc4 Qe7 21. Bxa6 Nb8
22. b5 Nxa6 23. bxa6 c5 24. Rb1 c4 25. Ra1 Bh5 26. Rdb1 Rxa6 27. a4 Qc7 28. Qc2
Nf7 29. Nd4 Qd7 30. a5 Nd8 31. Qa4 Be8 32. Qxd7 Bxd7 33. Rb6 Ra7 34. Kf1 Rb7 35.
Rxb7 Nxb7 36. a6 Nc5 37. a7 Ra8 38. Ke2 Kf8 39. Kd2 g5 40. Bh2 Ke8 41. f3 Kd8
42. Kc3 Kc7 43. g4 fxg4 44. hxg4 Kb7 45. Rb1+ Kxa7 46. Nb5+ Bxb5 47. Rxb5 Rc8
48. f4 Ne4+ 49. Kc2 Rf8 50. Ra5+ Kb6 51. Ra1 Kc5 52. Ra5+ Kb6 53. Ra1 Nf2 54.
Rg1 Ne4 55. Rb1+ Kc6 56. Ra1 Rb8 57. Ra6+ Rb6 58. Ra8 Rb3 59. Rc8+ Kd7 60. Rh8
Rxe3 61. Rh7+ Ke8 62. Bg1 Rh3 63. Bb6 gxf4 64. Rh8+ Kd7 65. Rd8+ Kc6 66. Ba5 Ng5
67. Rc8+ Kb5 68. Bd8 f3 69. Rb8+ Kc6 70. Rb6+ Kc5 71. Rb7 Kd4 72. Bb6+ Ke4 73.
Bc7 f2 74. Rb1 Rf3 75. Rf1 Ke3 76. Kd1 Ne4 77. Bb6+ d4 78. Ba5 c3 79. Bb6 Ng3
80. Bxd4+ Kxd4 81. Rxf2 Rxf2 82. Ke1 Ra2 83. Kd1 Kxe5 84. Kc1 Kf4 85. Kb1 Rh2
86. Kc1 e5 87. Kd1 e4 88. Ke1 Nf5 89. gxf5 Kxf5 90. Kd1 e3 91. Ke1 c2 92. Kf1
c1=Q# {White checkmated} 0-1

[Event "Team 45 45 League T56"]
[Site "Internet Chess Club"]
[Date "2013.03.17"]
[Round "4"]
[White "evan7284"]
[Black "srachuri"]
[Result "1-0"]
[WhiteElo "1656"]
[BlackElo "1263"]
[Opening "Queen's pawn: Torre attack"]
[ECO "A46"]
[Time "17:00:29"]
[TimeControl "2700+45"]

1. d4 Nf6 2. Nf3 e6 3. Bg5 h6 4. Bh4 d5 5. e3 Nbd7 6. Bd3 Bd6 7. Nbd2 O-O 8. Qe2
c6 9. O-O Qc7 10. Bxf6 Nxf6 11. e4 dxe4 12. Nxe4 Nxe4 13. Qxe4 f5 14. Qh4 Be7
15. Qh5 Bd7 16. c3 Be8 17. Qh3 Rf6 18. Ne5 Bd6 19. f4 c5 20. Kh1 Bc6 21. Qe3
cxd4 22. cxd4 Bd5 23. Rfc1 Qe7 24. b3 Qe8 25. Rc2 Rd8 26. Rd1 Qh5 27. Qe2 Qxe2
28. Bxe2 Be4 29. Bd3 Bd5 30. Rdc1 Rff8 31. Bc4 Bxc4 32. Rxc4 Bxe5 33. dxe5 Rb8
34. Rc7 a6 35. Re7 Rfe8 36. Rcc7 Rbc8 37. Rxg7+ Kh8 38. Rh7+ Kg8 39. Rcg7+ Kf8
40. h3 Rc1+ 41. Kh2 Rc2 42. Rxb7 Rxa2 43. Rh8# {Black checkmated} 1-0

[Event "Team 45 45 League T56"]
[Site "Internet Chess Club"]
[Date "2013.03.16"]
[Round "4"]
[White "blackphantom888"]
[Black "g8wrb"]
[Result "1/2-1/2"]
[WhiteElo "1361"]
[BlackElo "1388"]
[Opening "French: Tarrasch, closed variation"]
[ECO "C05"]
[Time "16:00:39"]
[TimeControl "2700+45"]

1. e4 e6 2. d4 d5 3. Nd2 Nf6 4. Bd3 c5 5. c3 Nc6 6. Ngf3 Qb6 7. O-O cxd4 8. cxd4
Nxd4 9. Nxd4 Qxd4 10. Nb3 Qa4 11. Qe2 Bd7 12. exd5 Nxd5 13. Bc4 Nb6 14. Bd3 Bd6
15. Be3 Nd5 16. Bc5 Be7 17. Bxe7 Nxe7 18. Nc5 Qb4 19. Nxd7 Kxd7 20. Bb5+ Nc6 21.
Rad1+ Ke7 22. Rd3 Nd4 23. Qe5 Nxb5 24. Rb3 Qg4 25. Rxb5 Rhd8 26. Rxb7+ Kf8 27.
h3 Qc4 28. Qc7 Qxc7 29. Rxc7 Ke8 30. Re1 Rd7 31. Rxd7 Kxd7 32. f4 f6 33. g4 Rb8
34. b3 Rb4 35. Rf1 a5 36. Kg2 Rd4 37. Rf2 g6 38. Kg3 h6 39. h4 Kd6 40. Rf3 Kd5
41. a3 Kc5 42. Re3 Kd5 43. Kf3 Rd2 44. b4 axb4 45. axb4 Rb2 46. Rd3+ Kc6 47. Re3
Kd6 48. Rd3+ Kc6 49. Re3 Kd5 50. Rd3+ Kc6 {Game drawn by repetition} 1/2-1/2

[Event "Team 45 45 League T56"]
[Site "Internet Chess Club"]
[Date "2013.03.17"]
[Round "4"]
[White "mindstorm"]
[Black "Fulmar"]
[Result "1-0"]
[WhiteElo "1416"]
[BlackElo "1191"]
[Opening "Scotch game"]
[ECO "C45"]
[Time "10:03:53"]
[TimeControl "2700+45"]

1. e4 e5 2. Nf3 Nc6 3. d4 exd4 4. Nxd4 Bc5 5. c3 Nge7 6. Be3 d6 7. Nd2 O-O 8.
Bd3 Rb8 9. O-O a6 10. b4 Ba7 11. Nxc6 Nxc6 12. Bxa7 Nxa7 13. f4 b5 14. Bc2 c5
15. bxc5 dxc5 16. Nf3 b4 17. cxb4 Rxb4 18. a3 Qxd1 19. Rfxd1 Rb6 20. e5 f5 21.
Rab1 Rxb1 22. Rxb1 c4 23. Rb4 Be6 24. Ng5 Bd5 25. Ra4 h6 26. Nf3 Rc8 27. Rxa6
Nb5 28. Bxf5 Rc5 29. Ra5 c3 30. a4 c2 31. Bxc2 Rxc2 32. Rxb5 Rc1+ 33. Kf2 Rc2+
34. Kg3 Be6 35. Nd4 Rc3+ 36. Kh4 Bc4 37. Rb8+ Kf7 38. Rc8 h5 39. Nb5 Rc1 40.
Nd6+ {Black resigns} 1-0

[Event "Team 45 45 League T56"]
[Site "Internet Chess Club"]
[Date "2013.03.18"]
[Round "4"]
[White "rahulr"]
[Black "krysto"]
[Result "1-0"]
[WhiteElo "1581"]
[BlackElo "1570"]
[Opening "QGD semi-Slav: 5.e3"]
[ECO "D45"]
[Time "19:11:06"]
[TimeControl "2700+45"]

1. d4 d5 2. c4 Nf6 3. e3 e6 4. Nc3 c6 5. Nf3 Bd6 6. c5 Bc7 7. Bd2 O-O 8. Bd3
Nbd7 9. b4 e5 10. dxe5 Nxe5 11. Nxe5 Bxe5 12. Rc1 Re8 13. Ne2 Bg4 14. f4 Bc7 15.
O-O Qe7 16. Qc2 Rad8 17. Ng3 h5 18. h3 h4 19. hxg4 hxg3 20. g5 Ng4 21. Rf3 Nf2
22. Rxg3 Nxd3 23. Qxd3 Qe4 24. Qd4 a6 25. Bc3 Qxd4 26. Bxd4 Re4 27. Rg4 Rde8 28.
Kf2 {Black resigns} 1-0

[Event "Team 45 45 League T56"]
[Site "Internet Chess Club"]
[Date "2013.03.16"]
[Round "4"]
[White "QuimCatala"]
[Black "Conjurer"]
[Result "0-1"]
[WhiteElo "1337"]
[BlackElo "1512"]
[Opening "Sicilian: accelerated fianchetto, modern variation"]
[ECO "B34"]
[Time "13:01:18"]
[TimeControl "2700+45"]

1. e4 c5 2. Nf3 Nc6 3. d4 cxd4 4. Nxd4 g6 5. Nc3 Bg7 6. Be3 Nf6 7. h3 O-O 8. Qd2
Re8 9. O-O-O a6 10. f3 b5 11. g4 e5 12. Nb3 h5 13. g5 Nh7 14. h4 Nf8 15. Nc5 Qc7
16. Nd5 Qb8 17. Nf6+ Bxf6 18. gxf6 Qc7 19. Bh3 Rd8 20. Rhg1 d6 21. Ne6 Nxe6 22.
Bxe6 Bxe6 23. Bh6 Nd4 24. Rxg6+ fxg6 25. Rg1 Kf7 26. Qg2 Rg8 27. Bg7 Rxg7 28.
fxg7 Qxc2+ 29. Qxc2 Nxc2 30. g8=Q+ Rxg8 31. Kxc2 Rc8+ 32. Kb1 Kf6 33. Rd1 Ke7
34. Rg1 Bf7 35. b3 Rc3 36. Rg3 Ke6 37. Kb2 Re3 38. Kc2 Re2+ 39. Kb1 Rh2 40. Rg1
Rxh4 41. Rc1 Be8 42. Rc8 Bd7 43. Rg8 Kf7 44. Ra8 Rf4 45. Rxa6 Ke6 46. Kc2 Rxf3
47. Ra8 g5 48. Rh8 h4 49. Rh6+ Ke7 50. a3 Bc6 51. Rh7+ Ke6 52. Rh6+ Rf6 53. Rh5
Bxe4+ 54. Kc3 Rf3+ 55. Kb4 h3 56. Rxg5 Bf5 57. Rh5 e4 58. Kxb5 Rxb3+ 59. Kc4 Rf3
60. a4 e3 61. Kd4 e2 62. Rh6+ Ke7 63. a5 e1=Q 64. a6 Qb4+ {White resigns} 0-1

[Event "Team 45 45 League T56"]
[Site "Internet Chess Club"]
[Date "2013.03.15"]
[Round "4"]
[White "chesskix"]
[Black "tryanything"]
[Result "0-1"]
[WhiteElo "1383"]
[BlackElo "1538"]
[Opening "Réti accepted"]
[ECO "A09"]
[Time "19:03:46"]
[TimeControl "2700+45"]

1. Nf3 d5 2. c4 dxc4 3. e4 e6 4. Bxc4 Bc5 5. O-O Ne7 6. Nc3 O-O 7. d4 Bb6 8. Be3
Ng6 9. e5 Nd7 10. Bd3 c5 11. Na4 cxd4 12. Bg5 f6 13. exf6 Nxf6 14. Bc4 Bc7 15.
Nc5 Qd6 16. Qxd4 Qxd4 17. Nxd4 Kh8 18. Ndxe6 Bxe6 19. Nxe6 Rf7 20. Nxc7 Rxc7 21.
b3 Ne5 22. Bf4 Re7 23. Rfe1 Rae8 24. Bb5 Nf3+ 25. gxf3 Rxe1+ 26. Rxe1 Rxe1+ 27.
Kg2 a6 28. Bd3 h6 29. a4 Nd5 30. Bg3 g5 31. Bc4 Nf4+ 32. Bxf4 gxf4 33. h4 a5 34.
h5 Kg7 35. Kh3 Kf6 36. Kg4 Ke5 37. Bf7 Re2 38. Be8 Rxf2 39. Bd7 Rg2+ 40. Kh4 Rg3
41. Bc8 Rxf3 42. Bxb7 Rxb3 43. Bc6 Rg3 44. Bb5 Rg5 45. Bc6 Kd4 {White resigns}
0-1

[Event "Team 45 45 League T56"]
[Site "Internet Chess Club"]
[Date "2013.03.19"]
[Round "4"]
[White "origamifun"]
[Black "KidRattler"]
[Result "0-1"]
[WhiteElo "1363"]
[BlackElo "1471"]
[Opening "Caro-Kann: advance variation"]
[ECO "B12"]
[Time "16:31:03"]
[TimeControl "2700+45"]

1. e4 c6 2. d4 d5 3. e5 Bf5 4. c4 e6 5. Nf3 Bb4+ 6. Bd2 Bxd2+ 7. Nbxd2 Ne7 8.
Be2 Qb6 9. b3 O-O 10. O-O a5 11. c5 Qc7 12. Re1 Na6 13. a3 Rfb8 14. Nf1 b5 15.
Ng3 Bg6 16. Qd2 Rb7 17. Nh4 h6 18. Rf1 Rab8 19. f4 Nf5 20. Nhxf5 Bxf5 21. b4 Ra8
22. Nh5 Nb8 23. g4 Be4 24. Bd3 Bg6 25. Ng3 Bxd3 26. Qxd3 Rba7 27. Qc3 axb4 28.
axb4 Ra4 29. f5 exf5 30. gxf5 Qe7 31. Rae1 Ra3 32. Qd2 Ra2 33. Qf4 Qc7 34. f6 g5
35. Qf5 Qd7 36. Qf3 Qh3 37. Rf2 R8a3 38. Qd1 Rxg3+ 39. hxg3 Qxg3+ 40. Kh1 Qxf2
41. Re2 Rxe2 42. Qg1 Qf3+ 43. Qg2 Qxg2# {White checkmated} 0-1

[Event "Team 45 45 League T56"]
[Site "Internet Chess Club"]
[Date "2013.03.16"]
[Round "4"]
[White "JRussell2"]
[Black "theartist"]
[Result "1/2-1/2"]
[WhiteElo "1392"]
[BlackElo "1116"]
[Opening "French: Winawer (Nimzovich) variation"]
[ECO "C15"]
[Time "13:16:48"]
[TimeControl "2700+45"]

1. e4 e6 2. d4 d5 3. Nc3 Bb4 4. exd5 exd5 5. Bd2 Nf6 6. Be2 O-O 7. Nf3 Nc6 8.
O-O Bg4 9. Re1 Bxf3 10. Bxf3 Nxd4 11. Be3 Nxf3+ 12. Qxf3 c6 13. Red1 Bxc3 14.
bxc3 b6 15. Bd4 Re8 16. Qg3 Re6 17. Re1 Qd7 18. Rxe6 Qxe6 19. Kf1 Kf8 20. Re1
Qg4 21. Qd6+ Kg8 22. Bxf6 gxf6 23. Qxc6 Rd8 24. Qxf6 Rf8 25. Qc6 Qg6 26. Qxd5
Qxc2 27. Qd4 Qxa2 28. g3 Qa6+ 29. Kg1 Qb7 30. Re4 f5 31. Qc4+ Kh8 32. Qd4+ Kg8
33. Qc4+ Kh8 34. Qd4+ Kg8 35. Qc4+ {Game drawn by repetition} 1/2-1/2

[Event "Team 45 45 League T56"]
[Site "Internet Chess Club"]
[Date "2013.03.15"]
[Round "4"]
[White "Fulmar"]
[Black "fuzzface"]
[Result "1-0"]
[WhiteElo "1186"]
[BlackElo "1352"]
[Opening "Philidor's defense"]
[ECO "C41"]
[Time "09:03:33"]
[TimeControl "2700+45"]

1. e4 e5 2. Nf3 d6 3. Nc3 Bg4 4. Bc4 Nc6 5. h3 Bxf3 6. Qxf3 Qf6 7. Qe3 Nd4 8.
Bb3 c6 9. O-O Be7 10. f4 Nxb3 11. axb3 b6 12. fxe5 Qxe5 13. Rf5 Qe6 14. d4 d5
15. Re5 Qd6 16. exd5 a6 17. dxc6 Qxc6 18. Nd5 Ra7 19. c4 f6 20. Re6 Qd7 21. Rxb6
Qf5 22. Bd2 Qg5 23. Qe6 Qxd2 24. Rb8# {Black checkmated} 1-0